 Dungeon Crawl Stone Soup version 0.18.1-8-gdd0e5ea (webtiles) character file.

1338 nikopol the Spear-Bearer (level 8, 0/71 HPs)
             Began as a Minotaur Berserker on May 29, 2016.
             Was a Priest of Trog.
             Killed from afar by an electric eel (10 damage)
             ... with a bolt of electricity
             ... on level 7 of the Dungeon.
             The game lasted 00:10:22 (3975 turns).

nikopol the Spear-Bearer (Minotaur Berserker)       Turns: 3975, Time: 00:10:23

Health: 0/71       AC: 10    Str: 22    XL:     8   Next: 35%
Magic:  7/7        EV:  8    Int:  4    God:    Trog [***...]
Gold:   254        SH:  0    Dex: 12    Spells: 0 memorised, 7 levels left

rFire  . . .     SeeInvis .     C - +1 glaive (vamp)
rCold  + + .     Gourm    .     o - +2 ring mail {rC+}
rNeg   . . .     Faith    .     (shield currently unavailable)
rPois  .         Spirit   .     (helmet restricted)
rElec  .         Dismiss  .     t - +0 cloak
rCorr  .         Reflect  .     y - +0 pair of gloves
SustAt .         Harm     .     (no boots)
MR     .....                    (no amulet)
Stlth  +.........               G - ring of protection from cold
                                f - ring of flight

@: not resistant to hostile enchantments, very unstealthy
A: retaliatory headbutt, horns 2
a: Berserk, Trog's Hand, Burn Spellbooks, Renounce Religion, Evoke Flight


You were on level 7 of the Dungeon.
You worshipped Trog.
Trog was most pleased with you.
You were not hungry.

You visited 1 branch of the dungeon, and saw 7 of its levels.

You collected 254 gold pieces.

Inventory:

Hand Weapons
 a - a +0 spear
 A - a cursed -3 halberd
 C - a +1 vampiric glaive (weapon)
Armour
 b - a +0 animal skin
 d - a +0 leather armour
 o - a +2 ring mail of cold resistance (worn)
 t - a +0 cloak (worn)
 x - a +2 chain mail of cold resistance
 y - a +0 pair of gloves (worn)
Jewellery
 f - a ring of flight (left hand)
 G - a ring of protection from cold (right hand)
Wands
 k - a wand of hasting (1/9)
 I - a wand of flame (12/48)
 K - a wand of lightning (10/15)
Scrolls
 g - a scroll of fear {unknown}
 h - 6 scrolls of identify {unknown}
 n - 2 scrolls of blinking {unknown}
 r - 6 scrolls of teleportation {unknown}
 u - 3 scrolls of remove curse {unknown}
 z - 2 scrolls of recharging {unknown}
 B - a scroll of enchant weapon {unknown}
 D - a scroll of random uselessness {unknown}
 E - a scroll of fog {unknown}
Potions
 e - 4 potions of heal wounds {unknown}
 i - a potion of experience {unknown}
 j - a potion of might {unknown}
 l - a potion of haste {unknown}
 p - a potion of lignification {unknown}
 q - a potion of agility {unknown}
 s - 2 potions of brilliance {unknown}
 v - a potion of cure mutation {unknown}
 w - a potion of berserk rage {unknown}
 L - a potion of curing {unknown}
 M - a potion of magic {unknown}
Comestibles
 c - 3 bread rations
 m - 5 fruits
 F - 2 meat rations
 H - a beef jerky


   Skills:
 + Level 6.7 Fighting
 * Level 8.3 Polearms
 + Level 6.2 Armour
 + Level 5.3 Dodging


You had 7 spell levels left.
You didn't know any spells.

Dungeon Overview and Level Annotations

Branches:
Dungeon (7/15)             Temple (0/1) D:4

Altars:
Ashenzari
Cheibriados
Elyvilon
Okawaru
Zin

Shops:
D:6 (


Innate Abilities, Weirdness & Mutations

You reflexively headbutt those who attack you in melee.
You have a pair of horns on your head.


Message History

The bolt of electricity hits you!
The electric eel shoots out a bolt of lightning at you!
The bolt of electricity hits you!
There is a stone staircase leading up here.
Attack whom?
Press: ? - help, Dir - move target cursor, f - electric eel
Aim: an electric eel You reach to attack!
You slash the electric eel!
You feel better.
The electric eel is severely wounded.
The electric eel shoots out a bolt of lightning at you!
The bolt of electricity hits you!
The electric eel shoots out a bolt of lightning at you!
The bolt of electricity hits you!
* * * LOW HITPOINT WARNING * * *
The electric eel shoots out a bolt of lightning at you!
The bolt of electricity hits you!
* * * LOW HITPOINT WARNING * * *
The electric eel shoots out a bolt of lightning at you!
The bolt of electricity hits you!
You die...

##.≈≈#≈≈≈≈ ..#
##≈≈≈≈≈≈≈≈ ≈≈..
#≈≈#≈≈≈≈w≈#≈≈≈#
.≈≈w≈≈≈≈≈#≈≈#≈.
≈ ≈≈≈≈n≈≈≈≈≈≈w≈
≈≈≈#≈≈≈;≈≈≈[≈≈≈
≈≈...≈?÷[≈w≈$≈≈
≈≈.....@..8(.#
≈≈≈.≈≈[..;≈..≈#
≈≈≈≈≈≈≈≈;≈;≈≈≈≈
≈##≈≈≈;≈≈≈≈≈≈≈≈
#≈≈≈≈≈≈≈≈≈≈#.
≈≈≈≈≈≈≈≈≈≈≈≈≈#
##≈#≈≈≈≈≈≈≈w≈##
##.#≈≈≈≈≈≈.##


You could see a necrophage, 5 electric eels and 5 dart slugs.

Vanquished Creatures
  Grinder (D:5)
  A phantom (D:4)
  An ice beast (D:6)
  An ogre (D:4)
  2 giant frogs
  A scorpion (D:6)
  A howler monkey (D:4)
  A jelly (D:5)
  A giant frog skeleton (D:5)
  A centaur zombie (D:5)
  3 hounds
  An orc priest (D:5)
  Crazy Yiuf (D:3)
  4 orc wizards
  2 centaur skeletons (D:6)
  2 worker ants (D:6)
  A hound skeleton (D:4)
  A worker ant zombie (D:6)
  6 adders
  4 gnolls (D:4)
  2 shadow imps (D:5)
  3 dart slugs
  2 worms
  2 giant geckos
  14 orcs
  3 giant cockroaches
  4 goblins
  2 hobgoblins
  3 jackals (D:5)
  A ball python (D:2)
  8 bats
  A giant gecko skeleton (D:4)
  5 giant newts
  A jackal skeleton (D:6)
  6 kobolds
  7 rats
100 creatures vanquished.

Vanquished Creatures (others)
  A dart slug (D:7)
  A quokka (D:5)
2 creatures vanquished.

Grand Total: 102 creatures vanquished

Notes
Turn   | Place    | Note
--------------------------------------------------------------
     0 | D:1      | nikopol the Minotaur Berserker began the quest for the Orb.
     0 | D:1      | Reached XP level 1. HP: 19/19 MP: 0/0
   419 | D:1      | Reached XP level 2. HP: 25/27 MP: 1/1
   790 | D:2      | Reached skill level 4 in Polearms
   803 | D:2      | Reached XP level 3. HP: 33/33 MP: 2/2
   836 | D:2      | Reached ** piety under Trog
   924 | D:2      | Found a glowing silver altar of Zin.
   990 | D:2      | Found an iron altar of Okawaru.
  1490 | D:3      | Reached XP level 4. HP: 40/40 MP: 3/3
  1835 | D:3      | Noticed Crazy Yiuf
  1840 | D:3      | Killed Crazy Yiuf
  1890 | D:3      | Found a shattered altar of Ashenzari.
  1985 | D:4      | Found a staircase to the Ecumenical Temple.
  2024 | D:4      | Reached skill level 5 in Polearms
  2024 | D:4      | Reached XP level 5. HP: 47/47 MP: 4/4
  2044 | D:4      | Noticed an ogre
  2050 | D:4      | Killed an ogre
  2053 | D:4      | Reached skill level 5 in Fighting
  2053 | D:4      | Reached XP level 6. HP: 53/56 MP: 5/5
  2275 | D:4      | Reached skill level 6 in Polearms
  2503 | D:5      | Entered Level 5 of the Dungeon
  2525 | D:5      | Reached *** piety under Trog
  2547 | D:5      | Got a jewelled falchion
  2548 | D:5      | Identified the +5 falchion of Desertification {elec, rC++ rN+} (You found it on level 5 of the Dungeon)
  2591 | D:5      | Found a white marble altar of Elyvilon.
  2598 | D:5      | Reached XP level 7. HP: 61/61 MP: 6/6
  2634 | D:5      | Noticed Grinder
  2639 | D:5      | Reached skill level 5 in Armour
  2644 | D:5      | Killed Grinder
  2771 | D:5      | Reached skill level 7 in Polearms
  3050 | D:6      | Reached XP level 8. HP: 70/70 MP: 7/7
  3061 | D:6      | Reached skill level 5 in Dodging
  3110 | D:6      | Found Diyjaq's Weapon Shop.
  3139 | D:6      | Found a snail-covered altar of Cheibriados.
  3337 | D:6      | Reached skill level 8 in Polearms
  3641 | D:7      | HP: 3/71 [electric eel/bolt of electricity (9)]
  3975 | D:7      | Killed from afar by an electric eel

Skill      XL: |  1  2  3  4  5  6  7  8 |
---------------+-------------------------+-----
Armour         | 3 4 5 6 |  6.2
Polearms       | 4 5 6 7 8 |  8.3
Fighting       | 4 5 6 |  6.7
Dodging        | 3 4 5 |  5.3

Action                   |  1- 3 |  4- 6 |  7- 9 || total
-------------------------+-------+-------+-------++-------
Melee: Spear             |   100 |   121 |       ||   221
       Headbutt          |    15 |    22 |    13 ||    50
       Glaive            |       |       |    79 ||    79
Invok: Berserk           |     1 |     1 |       ||     2
       Burn Spellbooks   |       |       |     1 ||     1
  Eat: Chunk             |     2 |     6 |     2 ||    10
       Meat ration       |       |       |     1 ||     1
       Beef jerky        |       |       |     1 ||     1
Armor: Leather armour    |     8 |       |       ||     8
       Ring mail         |     7 |    37 |    26 ||    70
Dodge: Dodged            |    43 |    62 |    54 ||   159
